 Dungeon Crawl Stone Soup version 0.29.1-1-gd02db6906a (webtiles) character file.

Game seed: 2384202405763446402

18 Descartes the Trooper (level 2, -1/15 HPs)
             Began as a Felid Wanderer on Oct 16, 2022.
             Succumbed to a kobold's poison
             ... on level 1 of the Dungeon.
             The game lasted 00:01:02 (937 turns).

Descartes the Trooper (Felid Wanderer)               Turns: 937, Time: 00:01:02

Health: -1/15      AC:  1    Str:  6    XL:     2   Next: 51%
Magic:  4/4        EV: 16    Int: 16    God:
Gold:   13         SH:  0    Dex: 14    Spells: 2/3 levels left
                                        Lives:  0   Deaths: 0

rFire   . . .      SeeInvis +     - Unarmed
rCold   . . .      Faith    .   (shield unavailable)
rNeg    . . .      Spirit   .   (body armour unavailable)
rPois   .          Reflect  .   (helmet unavailable)
rElec   .          Harm     .   (cloak unavailable)
rCorr   .          Rampage  .   (gloves unavailable)
Will    .....                   (boots unavailable)
Stlth   +.........              (no amulet)
HPRegen 0.05/turn               (no ring)
MPRegen 0.09/turn               (no ring)

@: lethally poisoned (-1 -> -10), quick
A: very small, claws 1, fangs 3, see invisible, speed 1, shaggy fur 1, stealthy
paws, no weapons or thrown items, no armour, multi-lived
a: no special abilities


You were on level 1 of the Dungeon.
You visited 1 branch of the dungeon, and saw 1 of its levels.

You collected 13 gold pieces.

Inventory:

Scrolls
 a - a scroll of fog
 b - a scroll of teleportation
 c - a scroll of blinking
 e - 2 scrolls of amnesia {unknown}
 f - a scroll of poison {unknown}
 g - a scroll of identify {unknown}
Potions
 d - a potion of flight {unknown}
 h - a potion of degeneration {unknown}


   Skills:
 - Level 4.0 Fighting
 + Level 2.0 Dodging
 + Level 2.6 Unarmed Combat
 - Level 1.0 Spellcasting
 - Level 3.0 Hexes
 - Level 1.0 Invocations


You had 2 spell levels left.
You knew the following spells:

 Your Spells              Type           Power      Damage    Failure   Level
a - Slow                  Hex            40%        N/A       7%          1

Your spell library contained the following spells:

 Spells                   Type           Power      Damage    Failure   Level
 Sublimation of Blood     Necr           0%         N/A       34%         2
 Wereblood                Tmut           0%         N/A       34%         2
 Fulminant Prism          Conj/Hex       2%         3d6       77%         4
 Leda's Liquefaction      Hex/Erth       2%         N/A       77%         4
 Summon Hydra             Summ           0%         N/A       100%        7


Dungeon Overview and Level Annotations

Branches:
Dungeon (1/15)

Altars:


Innate Abilities, Weirdness & Mutations

You have sharp claws.
You have razor-sharp teeth.
You have supernaturally acute eyesight. (SInv)
You cover ground quickly. (Speed+)
You are covered in fur. (AC +1)
Your paws help you pounce on unaware monsters.
You are incapable of wielding weapons or throwing items.
You cannot wear armour.
You gain extra lives every three experience levels.


Message History

No target in view!
No target in view!
No target in view!
No target in view!
No target in view!
No target in view!
No target in view!
No target in view!
h - a sedimented brown potion A kobold comes into view.
It is wielding a +2 short sword of venom.
Found 7 gold pieces.
The kobold shouts!
The kobold throws a stone.
The stone misses you. The kobold barely misses you.
You barely miss the kobold.
The kobold hits you with a +2 short sword of venom.
You scratch the kobold.
The kobold is moderately wounded.
The kobold hits you with a +2 short sword of venom.
* * * LOW HITPOINT WARNING * * *
You are lethally poisoned!
You are too injured to fight recklessly!
You are too injured to fight recklessly!
You are too injured to fight recklessly!
You are too injured to fight recklessly!
You are too injured to fight recklessly!
You are too injured to fight recklessly!
You are too injured to fight recklessly!
You are too injured to fight recklessly!
You are too injured to fight recklessly!
You are too injured to fight recklessly!
There is a lethal amount of poison in your body!
You scratch the kobold.
The kobold is severely wounded.
* * * LOW HITPOINT WARNING * * *
You feel very sick. The kobold closely misses you.
You barely miss the kobold.
The kobold is severely wounded.
You die...

## ### #. ..# .. ... .
#.# # #. #.# #.#.###.##
######## #...K..?.##
.......# #$.@....#
######.# ######.## #.#
#.# #.# #.# ####.#
###.# ##.##.# ##.#.#
##...#.#########....###
......................+
##...#.#######......###


You could see a kobold.

Vanquished Creatures
  An endoplasm (D:1)
  3 giant cockroaches (D:1)
  A hobgoblin (D:1)
  3 quokkas (D:1)
  5 bats (D:1)
  4 frilled lizards (D:1)
  A goblin (D:1)
  A kobold (D:1)
19 creatures vanquished.

Notes
Turn   | Place    | Note
-------+----------+-------------------------------------------
     0 | D:1      | Descartes the Felid Wanderer began the quest for the Orb.
     0 | D:1      | Descartes set off with the following items: a scroll of
                  | fog, a scroll of teleportation, a scroll of blinking; and
                  | the following spell memorised: Slow; and the following
                  | spells available to memorise: Fulminant Prism, Leda's
                  | Liquefaction.
     0 | D:1      | Reached XP level 1. HP: 11/11 MP: 3/3
   236 | D:1      | Reached skill level 1 in Dodging
   370 | D:1      | Reached XP level 2. HP: 15/15 MP: 4/4
   937 | D:1      | Succumbed to a kobold's poison

Illustrated notes

Levels and vault maps discovered:
D:1:      scummos_arrival_star, layout_loops_corners

Skill      XL: |  1  2 |
---------------+-------+-----
Dodging        | 1 2 |  2.0
Fighting       | |  4.0
Unarmed Combat | |  2.6
Spellcasting   | |  1.0
Hexes          | |  3.0
Invocations    | |  1.0

Action                   || total
-------------------------++-------
Melee: Unarmed           ||    72
       Bite              ||     5
 Stab: Sleeping          ||     2
Armor: Skin              ||     4
Dodge: Dodged            ||    57
